[Event "*** Titled Tuesday Blitz"]
[Site "Chess.com"]
[Date "2019.03.05"]
[Round "5"]
[White "kenta1234"]
[Black "FMJoseHerrera"]
[Result "0-1"]
[WhiteElo "2587"]
[BlackElo "2518"]
[TimeControl "180+2"]
[EndTime "14:12:55 PST"]
[Termination "FMJoseHerrera won by resignation"]

1. d4 Nf6 2. c4 c5 3. d5 b5 4. Qc2 g6 5. e4 Bg7 6. f4 O-O 7. Nf3 e6 8. d6 Ne8 9. e5 f6 10.
cxb5 a6 11. Qe4 Ra7 12. Nc3 Bb7 13. Qe3 Bxf3 14. gxf3 fxe5 15. fxe5 Qh4+ 16. Kd1 Qd4+ 17. Kc2 Qxe5 18. Qxe5 Bxe5 19. Be3 Bd4 20. Bxd4 cxd4 21. Ne4 Rxf3 22. Bd3 axb5 23. Rhf1 Rf5 24. Kb3 Nc6 25. a3 Kg7 26. h4 b4 27. axb4 Rb7 28. b5 Ne5 29. Nc5 Rb6 30. Rxf5 gxf5 31. Bf1 Nxd6 32. Kb4 d3 33. Bxd3 Nxd3+ 34. Nxd3 Rxb5+ 35. Kc3 Ne4+ 36.
Kd4 Kf6 37. Ra7 Rd5+ 38. Ke3 Nd6 39. b4 Nc4+ 40. Ke2 e5 41. Nc5 Ke7 42. h5 e4 43.
Nb3 f4 44. Ra4 f3+ 45. Kf2 Rd3 46. Nc5 Rd2+ 47. Kg3 Rg2+ 48. Kh3 e3 49. b5 Rc2 50. Nd3 f2 51. Kg2 Nd2 52. Rf4 f1=Q+ 53. Rxf1 Nxf1+ 54. Kxf1 Rd2 55. Nf4 Rf2+ 0-1

[Event "*** Titled Tuesday Blitz"]
[Site "Chess.com"]
[Date "2019.03.05"]
[Round "5"]
[White "Zarikovs1999"]
[Black "IakovUlivar"]
[Result "0-1"]
[WhiteElo "2296"]
[BlackElo "2504"]
[TimeControl "180+2"]
[EndTime "14:12:55 PST"]
[Termination "IakovUlivar won on time"]

1. e4 e5 2. Nf3 Nf6 3. Nxe5 d6 4. Nf3 Nxe4 5. Qe2 Qe7 6. d3 Nf6 7. Qxe7+ Bxe7 8. Nc3 c6 9. Bf4 Bg4 10. Be2 Nbd7 11. h3 Bh5 12. O-O-O Nf8 13. g4 Bg6 14. Nh4 O-O-O 15. Bf3 Ne6 16. Bg3 Nd4 17. Nxg6 hxg6 18. Bg2 d5 19. Rhe1 Bd6 20. Bxd6 Rxd6 21. Kd2 Ne6 22.
Ne2 g5 23. Ng3 g6 24. Ne2 Kc7 25. Rf1 Nf4 26. Nxf4 gxf4 27. Rfe1 Re6 28. Rh1 g5 29. Rde1 Kd6 30. Rxe6+ fxe6 31. Re1 e5 32. c4 Nd7 33. cxd5 cxd5 34. Rc1 Nc5 35. b4 Ne6 36. a4 Nd4 37. Rc3 Re8 38. Ke1 e4 39. dxe4 dxe4 40. Rc5 Re5 41. Rc8 Nc6 42. b5 Nd4 43. Ra8 e3 44.
fxe3 fxe3 45. Rxa7 e2 0-1

[Event "*** Titled Tuesday Blitz"]
[Site "Chess.com"]
[Date "2019.03.05"]
[Round "5"]
[White "Dyadya81"]
[Black "UCantHandleDenker"]
[Result "0-1"]
[WhiteElo "2756"]
[BlackElo "2544"]
[TimeControl "180+2"]
[EndTime "14:13:00 PST"]
[Termination "UCantHandleDenker won by resignation"]

1. e4 c5 2. b4 cxb4 3. Bb2 d6 4.
Nf3 Nd7 5. d4 g6 6. e5 Bg7 7. a3 Qc7 8. Bb5 bxa3 9. Nxa3 Nh6 10. O-O O-O 11. Nc4 Nb6 12. Ne3 Ng4 13. h3 Nxe3 14.
fxe3 Bf5 15. exd6 exd6 16. Bd3 Bxd3 17. cxd3 Nd5 18. Re1 Rfe8 19. e4 Nf4 20. Bc1 Ne6 21. Be3 a5 22. d5 Nc5 23. Nd4 Qd7 24. Rb1 a4 25. Nb5 a3 26. Nd4 a2 27. Ra1 Qa4 28.
Qxa4 Rxa4 29. Nb5 Nxd3 30. Nxd6 Nxe1 31. Rxa2 Rxa2 32. Nxe8 Nxg2 33. Bc5 Nf4 34. d6 Ne6 35. d7 Rd2 36. Bd6 Bf8 37. e5 Bxd6 38. Nxd6 Nd8 39. h4 Kf8 40. h5 gxh5 41. Kf1 Ke7 42. Nf5+ Kxd7 43. Ke1 Rd5 0-1

[Event "*** Titled Tuesday Blitz"]
[Site "Chess.com"]
[Date "2019.03.05"]
[Round "5"]
[White "Jbd735"]
[Black "nochewycandy"]
[Result "1/2-1/2"]
[WhiteElo "2475"]
[BlackElo "2392"]
[TimeControl "180+2"]
[EndTime "14:13:00 PST"]
[Termination "Game drawn by agreement"]

1. d4 Nf6 2. Nf3 g6 3. Bg5 Bg7 4. c4 O-O 5. Nc3 d6 6. e3 Nbd7 7. Be2 e5 8. dxe5 dxe5 9. Qc2 c6 10. Rd1 Qc7 11. O-O a5 12. Nd2 Nc5 13. b3 Bf5 14.
e4 Bd7 15. Nf3 Ne6 16. Bc1 Rfd8 17. h3 Nh5 18. Rfe1 Nhf4 19. Bf1 Nd4 20. Nxd4 exd4 21. Na4 Ne6 22. c5 Be8 23. Bc4 Qe5 24. g3 Bf8 25. f4 Qh5 26. Bxe6 fxe6 27. Kg2 e5 28. Nb6 Ra6 29. fxe5 Qxe5 30. Na4 g5 31. Qe2 Bg6 32. Bb2 Bg7 33. Qc4+ Bf7 34. Qd3 h5 35. Rf1 Be6 36.
Rde1 Kh7 37. Bc1 Kh8 38. Re2 Rg8 39. Ba3 Raa8 40. Nb6 Rad8 41. Nc4 Bxc4 42. Qxc4 d3 43. Rd2 Rd4 44. Qc1 Qxe4+ 45. Kh2 Be5 46. Bb2 Rd5 47. Bxe5+ Rxe5 48. Rdf2 h4 49. gxh4 gxh4 50. Qh6+ Qh7 51.
Qf6+ Qg7 52. Qxh4+ Qh7 53. Qf6+ Qg7 54. Qh4+ Qh7 55.
Qf6+ Qg7 56. Qxg7+ 1/2-1/2

[Event "*** Titled Tuesday Blitz"]
[Site "Chess.com"]
[Date "2019.03.05"]
[Round "5"]
[White "Caterpiller35"]
[Black "AdrianaNikolova"]
[Result "1-0"]
[WhiteElo "2342"]
[BlackElo "2433"]
[TimeControl "180+2"]
[EndTime "14:13:00 PST"]
[Termination "Caterpiller35 won on time"]

1. d4 Nf6 2. Bg5 Ne4 3. Bf4 c5 4. f3 Qa5+ 5. c3 Nf6 6. Nd2 cxd4 7. Nb3 Qf5 8. Bxb8 Rxb8 9. Qxd4 d5 10. Qxa7 Nd7 11. O-O-O e6 12. e4 Qf4+ 13. Kb1 dxe4 14.
Bb5 Bd6 15. Ne2 Qe5 16. Bxd7+ Bxd7 17. f4 Qb5 18. Rxd6 O-O 19. Qd4 Bc6 20. Ng3 Ra8 21. Rd1 Bd5 22. Rxd5 exd5 23. Nf5 f6 24. Qxd5+ Qxd5 25. Rxd5 Rad8 26. Rxd8 Rxd8 27. Nbd4 g6 28. Ne3 f5 29. Kc2 Kf7 30. a4 h6 31. g4 fxg4 32. Nxg4 h5 33. Ne3 Kf6 34. h4 Rf8 35. b4 Ke7 36. f5 gxf5 37. Ndxf5+ Ke6 38. Ng7+ Ke5 39. Nxh5 Rf2+ 40. Kb3 Re2 41. Nc4+ 1-0

[Event "*** Titled Tuesday Blitz"]
[Site "Chess.com"]
[Date "2019.03.05"]
[Round "5"]
[White "Blagorod"]
[Black "Perecke"]
[Result "0-1"]
[WhiteElo "2128"]
[BlackElo "2044"]
[TimeControl "180+2"]
[EndTime "14:13:00 PST"]
[Termination "Perecke won by checkmate"]

1. e4 e5 2. Nf3 Nc6 3. Bb5 a6 4. Ba4 Nf6 5. O-O Be7 6. d3 b5 7. Bb3 d6 8. a4 Bg4 9. Be3 O-O 10. h3 Bh5 11. Nc3 b4 12. Nd5 a5 13. c3 bxc3 14.
bxc3 Rb8 15. Ba2 Qd7 16. Kh2 Nxd5 17. Bxd5 Kh8 18. g4 Bg6 19. Nd2 f6 20. Nc4 Bf7 21.
Qc2 Ra8 22. Rfb1 Ra6 23. Rb7 Nd8 24. Rb8 Bxd5 25. exd5 Nf7 26. Rab1 Ra8 27. R8b5 c6 28. dxc6 Qxc6 29. Nxa5 Qf3 30. Nc4 Ng5 31. Bxg5 fxg5 32. Rf1 h5 33. gxh5 g4 34. hxg4 Qxg4 35. Ne3 Qh4+ 36.
Kg2 Bg5 37. Rh1 Qf4 38. h6 gxh6 39. Kg1 Qf3 40. Rb2 Bxe3 41. fxe3 Rg8+ 42. Kh2 Qg3# 0-1

[Event "*** Titled Tuesday Blitz"]
[Site "Chess.com"]
[Date "2019.03.05"]
[Round "5"]
[White "yuki_chess123"]
[Black "bluejay1897"]
[Result "1-0"]
[WhiteElo "2140"]
[BlackElo "2143"]
[TimeControl "180+2"]
[EndTime "14:13:03 PST"]
[Termination "yuki_chess123 won by resignation"]

1. e4 c5 2. Nf3 e6 3. d3 Nc6 4. g3 g6 5. Bg2 Bg7 6. O-O Nge7 7.
Re1 d6 8. Nbd2 O-O 9. h4 h5 10. Nf1 Nd4 11. N3h2 b5 12. g4 hxg4 13. Nxg4 e5 14.
Nfh2 Kh7 15. h5 gxh5 16. Ne3 Kg6 17. c3 Ne6 18. Nf5 Nf4 19. Nh4+ Kh6 20. Bf3 Ng6 21. Ng2 Qg5 22. Kh1 Bh3 23. Rg1 Bxg2+ 24. Rxg2 Qh4 25.
Rg3 Bf6 26. Be3 Bg5 27. Qd2 f6 28. Rag1 Rg8 29. Bd1 Ne7 30. d4 cxd4 31. cxd4 Nh3 32. R1g2 Bf4 33. Bf3 Kh7 34. dxe5 dxe5 35. Qd7 f5 36.
Rxh3 Qxh3 37. Qxe7+ Kh6 38. Bxf4+ exf4 39. Qf6+ Kh7 40.
Qf7+ Kh8 41. Qf6+ Kh7 42. exf5 Raf8 43. Qe7+ Kh8 44. Qe5+ Kh7 45. f6 Rxg2 46. Bxg2 Qd3 47. Be4+ 1-0

[Event "*** Titled Tuesday Blitz"]
[Site "Chess.com"]
[Date "2019.03.05"]
[Round "5"]
[White "Swarnapuri"]
[Black "Durarbayli"]
[Result "0-1"]
[WhiteElo "2702"]
[BlackElo "2780"]
[TimeControl "180+2"]
[EndTime "14:13:04 PST"]
[Termination "Durarbayli won by resignation"]

1. d4 Nf6 2. Bf4 e6 3. e3 c5 4. Nf3 Qb6 5. Nc3 Qxb2 6. Nb5 Nd5 7. a3 a6 8. Rb1 Qa2 9. Ra1 Qb2 10. Rb1 Qa2 11.
Qc1 axb5 12. Ra1 Qxa1 13. Qxa1 c4 14. Bxb8 Bxa3 15. Kd1 Ra6 16. e4 Bb4 17. Qb2 Ra2 18. Qc1 Nc3+ 19. Kd2 Nxe4+ 20. Ke2 d6 21. Ke3 f5 22.
Qb1 Ra4 23. Bd3 cxd3 24. cxd3 Nc3 25. Qb3 Bd7 26. Rc1 Nd5+ 27. Ke2 Ke7 28. Bc7 Rc8 29.
Bxd6+ Kxd6 30. Rxc8 Bxc8 31. Ne5 Bd7 32. g3 g5 33. Kf1 Ra1+ 34. Kg2 Bc6 35. f3 Rc1 36.
Kh3 Ke7 37. Qa2 h5 38. Qa8 g4+ 39. fxg4 hxg4+ 40. Kh4 Rc2 41. Kg5 Rxh2 42. Ng6+ Kd7 43. Ne5+ Kc7 44. Nf7 Be7+ 45. Kg6 f4 46. Qa5+ Kc8 47.
Qa8+ Kc7 48. Qa5+ Kb8 49. gxf4 Nxf4+ 50. Kg7 Nd5 51. Ne5 g3 52. Nxc6+ bxc6 53. Qa6 g2 0-1

[Event "*** Titled Tuesday Blitz"]
[Site "Chess.com"]
[Date "2019.03.05"]
[Round "5"]
[White "vgyogi"]
[Black "quesfr"]
[Result "1/2-1/2"]
[WhiteElo "2149"]
[BlackElo "2228"]
[TimeControl "180+2"]
[EndTime "14:13:06 PST"]
[Termination "Game drawn by agreement"]

1. d4 d5 2. Bg5 g6 3. Nf3 Bg7 4. Nbd2 Nf6 5. c3 O-O 6. e3 b6 7. Bd3 c5 8. O-O Ba6 9. Bxa6 Nxa6 10. a4 Nc7 11. Ne5 Ne6 12. Bh4 Re8 13. h3 Qc8 14.
Qe2 Nd7 15. f4 Nxe5 16. fxe5 Qd7 17. Rf2 Rf8 18. Nf3 h6 19. Nh2 a6 20. Rff1 b5 21. axb5 axb5 22. Qf3 Rxa1 23. Rxa1 Qb7 24. Nf1 Ra8 25. Rd1 b4 26. dxc5 bxc3 27. bxc3 Bxe5 28. Rxd5 Bxc3 29. Bf2 Rd8 30. Rxd8+ Nxd8 31. Qxb7 Nxb7 32.
c6 Nd6 33. e4 Ba5 34. Ne3 e6 35. e5 Nb5 36. Nc4 Bc7 37. Bb6 Bxb6+ 38. Nxb6 Kf8 39. Nc8 Ke8 40. Nd6+ Nxd6 41. exd6 e5 42. Kf2 f5 43.
Ke3 e4 44. Kf4 g5+ 45. Ke3 h5 46. h4 gxh4 47. Kf4 Kd8 48. Ke3 Ke8 49. Kf4 Kd8 50. Ke3 1/2-1/2

[Event "*** Titled Tuesday Blitz"]
[Site "Chess.com"]
[Date "2019.03.05"]
[Round "5"]
[White "diskeleven"]
[Black "FedaMaster"]
[Result "1-0"]
[WhiteElo "2290"]
[BlackElo "2424"]
[TimeControl "180+2"]
[EndTime "14:13:09 PST"]
[Termination "diskeleven won by checkmate"]

1. d4 Nf6 2. c4 g6 3. Nc3 d5 4. Nf3 Bg7 5. cxd5 Nxd5 6. Qa4+ Nc6 7. e3 O-O 8. Be2 e5 9. dxe5 Nxc3 10. bxc3 Nxe5 11. O-O Nxf3+ 12. Bxf3 Bxc3 13. Rd1 Bxa1 14. Rxd8 Rxd8 15. h4 Be6 16. h5 Bg7 17. Bxb7 Rab8 18. Be4 gxh5 19. Qc2 h6 20. f4 Bg4 21. Bh7+ Kh8 22. Bd3 c5 23. Ba3 Rbc8 24. Bc4 Rd1+ 25. Kh2 Rcd8 26. Bc1 Kg8 27. Kg3 R8d6 28. Bb3 Be6 29.
Bxe6 fxe6 30. e4 h4+ 31. Kf3 R1d3+ 32. Ke2 Rd8 33. Be3 Rc3 34. Qa4 Rdd3 35. Bxc5 Rd8 36.
Be3 Rdc8 37. e5 Rc2+ 38. Kf3 R8c6 39. Kg4 Rxg2+ 40. Kh5 Rgc2 41. Qb5 R2c3 42. Qb8+ Rc8 43. Qd6 R3c6 44. Qd7 R8c7 45. Qe8+ Bf8 46. Qg6+ Rg7 47. Qe4 Rcc7 48. f5 exf5 49. Qd5+ Rcf7 50. e6 Re7 51.
Bc5 Kh7 52. Bxe7 Bxe7 53. Qxf5+ Kh8 54. Kxh6 Rh7+ 55. Qxh7# 1-0

[Event "*** Titled Tuesday Blitz"]
[Site "Chess.com"]
[Date "2019.03.05"]
[Round "5"]
[White "Karina_Oparina"]
[Black "senecacrane"]
[Result "1-0"]
[WhiteElo "2170"]
[BlackElo "2288"]
[TimeControl "180+2"]
[EndTime "14:13:12 PST"]
[Termination "Karina_Oparina won by resignation"]

1. Nf3 d5 2. g3 e6 3. Bg2 Nf6 4.
d4 b5 5. O-O Be7 6. c3 O-O 7. a4 b4 8. Bf4 Bb7 9. Nbd2 a5 10. Ne5 Nfd7 11. Nb3 Nxe5 12. Bxe5 Nd7 13. Bf4 c5 14. dxc5 Nxc5 15. Nxc5 Bxc5 16. c4 Qf6 17. cxd5 Rfd8 18. Qc1 Bd4 19. Bg5 Qe5 20. Bxd8 Rxd8 21. dxe6 Bxg2 22. exf7+ Kxf7 23. Kxg2 Bxb2 24. Qb1 Bxa1 25.
Qxa1 Qe4+ 26. Kg1 Qxe2 27. Re1 Qf3 28. Qe5 Qf6 29. Qc7+ Kg6 30. Qxa5 Rf8 31. Qc5 b3 32. Rb1 Rb8 33. a5 Qf5 34. Qd6+ Kh5 35. Rb2 Rc8 36. Qd1+ Qg4 37. Qxg4+ Kxg4 38. Rxb3 Ra8 39. Ra3 g5 40. Kg2 Ra6 41. Ra4+ Kf5 42. Kf3 h5 43. h3 Ke5 44.
h4 g4+ 45. Ke3 Kf5 46. Kd4 Ke6 47. Kc5 Ke5 48. Kb5 Rf6 49. Ra2 Rf3 50. a6 Rb3+ 51.
Kc4 Rb8 52. a7 Ra8 53. Kc5 Ke6 54. Kb6 Kd7 55. Kb7 Rc8 56. Rd2+ 1-0

[Event "*** Titled Tuesday Blitz"]
[Site "Chess.com"]
[Date "2019.03.05"]
[Round "5"]
[White "Hieronymus00"]
[Black "WPWPWP-2015"]
[Result "0-1"]
[WhiteElo "2198"]
[BlackElo "2399"]
[TimeControl "180+2"]
[EndTime "14:13:15 PST"]
[Termination "WPWPWP-2015 won by resignation"]

1. e4 e5 2. Nf3 Nf6 3. Nxe5 d6 4. Nf3 Nxe4 5. Nc3 Nxc3 6. dxc3 Be7 7. Be3 O-O 8. Qd2 Nc6 9. O-O-O Ne5 10. Be2 c6 11. Bf4 Qa5 12. Kb1 Be6 13. b3 Qc7 14. Nd4 Bc8 15. h4 a5 16. h5 a4 17. b4 a3 18. h6 g6 19. Bg5 d5 20. Bxe7 Qxe7 21.
f4 Ng4 22. Bxg4 Bxg4 23. Rde1 Qf6 24. f5 c5 25. bxc5 Rac8 26. fxg6 fxg6 27. Nb3 Rcd8 28. Qd4 Bf5 29. Qxf6 Rxf6 30. Nd4 Be4 31. Re2 Rdf8 32. Rhe1 Rf2 33. Kc1 Rxe2 34. Rxe2 Rf1+ 35. Kd2 Ra1 36. c4 Rxa2 37. cxd5 Bxd5 38. Re7 Ra1 39. Rg7+ Kf8 40. Rxh7 Rh1 41. Rh8+ Kf7 42. h7 a2 43. Ra8 Rxh7 44.
Nb3 Rh2 45. Rxa2 Bxb3 46. Rb2 Bd5 47. Ke3 Rxg2 0-1

[Event "*** Titled Tuesday Blitz"]
[Site "Chess.com"]
[Date "2019.03.05"]
[Round "5"]
[White "Tjktiger"]
[Black "GelmanAlexander"]
[Result "1-0"]
[WhiteElo "2791"]
[BlackElo "2596"]
[TimeControl "180+2"]
[EndTime "14:13:16 PST"]
[Termination "Tjktiger won by resignation"]

1. d4 Nf6 2. c4 c5 3. d5 b5 4.
cxb5 a6 5. bxa6 e6 6. Nc3 exd5 7.
Nxd5 Nxa6 8. e4 Nxd5 9. exd5 Nb4 10. a3 Qe7+ 11. Be3 Qe4 12. axb4 Qxb4+ 13. Bd2 Qe4+ 14. Be2 Rxa1 15. Qxa1 Bd6 16. Nf3 O-O 17. Be3 f5 18. Qc1 f4 19. Bxc5 Bxc5 20. Qxc5 Ba6 21.
O-O Qxe2 22. Re1 Qxb2 23. h4 Qf6 24. Qa7 Bb5 25. Qb7 Qa6 26. Qc7 Qg6 27. Ne5 Qf5 28. Qb7 Ba4 29. d6 Re8 30. Qd5+ Kf8 31. h5 Bc6 32. Qd4 Qg5 33. f3 Qxh5 34. Qxf4+ Kg8 35. Re3 Rf8 36. Qc4+ Kh8 37. Nxc6 dxc6 38. d7 Qg5 39.
Re8 Qf6 40. d8=Q Qxd8 41. Rxd8 Rxd8 42. Qxc6 1-0

[Event "*** Titled Tuesday Blitz"]
[Site "Chess.com"]
[Date "2019.03.05"]
[Round "5"]
[White "witcher8"]
[Black "Denis_Palkovich"]
[Result "0-1"]
[WhiteElo "2347"]
[BlackElo "2242"]
[TimeControl "180+2"]
[EndTime "14:13:17 PST"]
[Termination "Denis_Palkovich won by checkmate"]

1. e4 c6 2. d4 d5 3. e5 c5 4. dxc5 e6 5. Nf3 Bxc5 6. a3 Ne7 7. b4 Bb6 8. Bb2 O-O 9. Bd3 Ng6 10. h4 f6 11. h5 Nxe5 12. h6 Nxd3+ 13. Qxd3 g6 14. Nc3 Nc6 15. O-O-O Ne5 16. Nxe5 fxe5 17. f3 Bd4 18. Kb1 a5 19. b5 Bd7 20. a4 Rc8 21. Ne2 Bxb2 22. Kxb2 Qe7 23. c3 Rc4 24. Kb3 Rfc8 25.
Rc1 Qc5 26. Rh3 e4 27. fxe4 Rxe4 28. Nd4 e5 29. Nf3 Re3 30. Nxe5 Rxd3 31. Rxd3 Be6 32. Rd4 Qxd4 33. cxd4 Rxc1 34. Nd3 Rh1 35. Nc5 Bc8 36. Kc3 Rxh6 37. b6 Rh2 38. Nb3 Rxg2 39. Nxa5 h5 40.
Nb3 h4 41. Nc5 h3 42. a5 h2 43. Ne6 Bxe6 44. a6 h1=Q 45. axb7 Qc1+ 46. Kb4 Rb2+ 47. Ka5 Qa1# 0-1

[Event "*** Titled Tuesday Blitz"]
[Site "Chess.com"]
[Date "2019.03.05"]
[Round "5"]
[White "xLuring1"]
[Black "GianmarcoVaR"]
[Result "0-1"]
[WhiteElo "2409"]
[BlackElo "2489"]
[TimeControl "180+2"]
[EndTime "14:13:19 PST"]
[Termination "GianmarcoVaR won by checkmate"]

1. e4 c5 2. Nf3 d6 3. d4 Nf6 4. dxc5 Nxe4 5. cxd6 Nxd6 6. Be2 Nc6 7. O-O e5 8. Re1 Be7 9. Nc3 O-O 10. Nd5 Bg4 11. Nxe7+ Qxe7 12. Nxe5 Nxe5 13. Bxg4 Rfe8 14. Bf4 Qf6 15.
Bxe5 Rxe5 16. Rxe5 Qxe5 17. c3 Re8 18. h3 Nc4 19. b3 Nd6 20. c4 Ne4 21. Rc1 h5 22. Bf3 Ng5 23. Bxh5 Qf4 24. Rc2 g6 25. Bg4 f5 26. Be2 Ne4 27. Bf1 Qe5 28. Qd5+ Qxd5 29. cxd5 Re7 30. Rc8+ Kf7 31. Bc4 Rd7 32. d6+ Kf6 33.
Rc7 Rxd6 34. Rxb7 Rd1+ 35. Kh2 Nxf2 36. Rxa7 f4 37. g3 f3 38. g4 Ne4 39. Ra6+ Kg5 40. Re6 Kf4 41. Re8 Rd2+ 42. Kh1 Ng3+ 43. Kg1 Rg2# 0-1

[Event "*** Titled Tuesday Blitz"]
[Site "Chess.com"]
[Date "2019.03.05"]
[Round "5"]
[White "nikitakhoroshev"]
[Black "fu24"]
[Result "1-0"]
[WhiteElo "2611"]
[BlackElo "2500"]
[TimeControl "180+2"]
[EndTime "14:13:20 PST"]
[Termination "nikitakhoroshev won by resignation"]

1. e4 e6 2. d4 d5 3. Nc3 Bb4 4. e5 c5 5. a3 Bxc3+ 6. bxc3 Ne7 7. a4 Qa5 8. Bd2 Nbc6 9. Nf3 Bd7 10. Bd3 c4 11. Be2 O-O-O 12. O-O f6 13. Re1 fxe5 14. dxe5 h6 15. Nd4 g5 16. Bg4 Nxd4 17. cxd4 Qa6 18. Bb4 Rde8 19. Bh5 Nf5 20. Bxe8 Bxe8 21. Bc5 Bxa4 22.
Qh5 b5 23. Qf7 Rd8 24. Qxa7 Qxa7 25. Bxa7 Kb7 26. Bc5 Kc6 27. c3 Rd7 28. Reb1 Rb7 29. f3 Nh4 30. Kf2 Ng6 31. g3 Rf7 32. Rxa4 bxa4 33.
Rb6+ Kd7 34. Rd6+ Kc8 35. Rxe6 Rg7 36. Rc6+ Kb7 37. Rb6+ Kc7 38. Ra6 Rg8 39. Ra7+ Kc6 40. Rxa4 Nh8 41. Ra6+ Kb5 42. Rb6+ Ka4 43. e6 Re8 44. e7 Nf7 45. Rf6 1-0

[Event "*** Titled Tuesday Blitz"]
[Site "Chess.com"]
[Date "2019.03.05"]
[Round "5"]
[White "Alopekos"]
[Black "andrzej"]
[Result "1-0"]
[WhiteElo "2436"]
[BlackElo "2272"]
[TimeControl "180+2"]
[EndTime "14:13:21 PST"]
[Termination "Alopekos won on time"]

1. e4 c6 2. d4 d5 3. Nd2 dxe4 4. Nxe4 Nd7 5. Bd3 Ngf6 6. Ng5 e6 7. Qe2 Bd6 8. N1f3 h6 9. Ne4 Nxe4 10. Qxe4 Qc7 11. O-O b6 12. Qg4 Kf8 13. b3 Bb7 14. Bb2 Nf6 15.
Qh4 Nd5 16. c4 Nf4 17. Be4 g5 18. Nxg5 Be7 19. d5 Bxg5 20. Qg4 f5 21. Bxf5 exf5 22. Qxf5+ Qf7 23. Qe5 Rg8 24. dxc6 Bxc6 25. Qd6+ Be7 26. Qxh6+ Rg7 27. Bxg7+ Qxg7 28. Qxf4+ Kg8 29. f3 Rf8 30. Qg4 Qxg4 31. fxg4 Bc5+ 32. Kh1 Re8 33. Rae1 Rd8 34. Re2 Rd3 35. Re6 Bd7 36. Rg6+ Kh7 37. Rg5 Kh6 38. h4 Rd2 39. Rf6+ Kh7 40. Rf7+ Kh6 41. Rf6+ Kh7 42. Rf7+ Kh6 43. Rd5 Bxg4 44. Rxd2 Kh5 45. Kh2 Kxh4 46. Rd5 1-0

[Event "*** Titled Tuesday Blitz"]
[Site "Chess.com"]
[Date "2019.03.05"]
[Round "5"]
[White "StephenDedalus83"]
[Black "GM_dmitrij"]
[Result "0-1"]
[WhiteElo "2700"]
[BlackElo "2867"]
[TimeControl "180+2"]
[EndTime "14:13:23 PST"]
[Termination "GM_dmitrij won by resignation"]

1. e4 e5 2. Nf3 Nc6 3. Bb5 a6 4. Ba4 Nf6 5. O-O Bc5 6. c3 b5 7. Bc2 d5 8. d4 dxe4 9. dxc5 Qxd1 10. Rxd1 exf3 11. gxf3 Bb7 12. Bg5 h6 13. Bxf6 gxf6 14.
Nd2 O-O-O 15. Ne4 f5 16. Ng3 f4 17. Nf5 Na5 18. Be4 Bxe4 19. fxe4 Nc4 20. Ne7+ Kb7 21.
c6+ Kb6 22. b3 Nd6 23. f3 Rde8 24. Nd5+ Kxc6 25. a4 Kb7 26. Kf2 f5 27. axb5 axb5 28. Nf6 fxe4 29. Nxe8 Rxe8 30. Rg1 b4 31. cxb4 e3+ 32.
Ke2 Nf5 33. Kd3 e4+ 34. fxe4 Rd8+ 35. Kc3 Nd4 36. Rgf1 f3 37. Rae1 e2 38. Rf2 Nb5+ 39.
Kc2 Na3+ 40. Kc1 Rd3 41. e5 Kc6 42. e6 Kd6 43. Kb2 Nb5 44. Kc2 Re3 45. Kd2 Rxb3 46.
Rc1 Kxe6 47. h4 Nd4 48. h5 Ra3 49. Rg1 Ke5 50. Rc1 Nb3+ 0-1

[Event "*** Titled Tuesday Blitz"]
[Site "Chess.com"]
[Date "2019.03.05"]
[Round "5"]
[White "bootstar"]
[Black "Bad4life"]
[Result "1-0"]
[WhiteElo "2613"]
[BlackElo "2489"]
[TimeControl "180+2"]
[EndTime "14:13:23 PST"]
[Termination "bootstar won by resignation"]

1. e4 d6 2. d4 Nf6 3. Nc3 g6 4.
h3 c6 5. Nf3 Bg7 6. Be3 O-O 7.
Qd2 b5 8. a3 Nbd7 9. Bh6 e5 10.
Bxg7 Kxg7 11. Be2 Re8 12. O-O Bb7 13. Rfe1 a6 14. Rad1 Qc7 15. dxe5 dxe5 16. Qg5 h6 17. Qg3 Nh5 18. Qh4 Rad8 19. g3 Nhf6 20. g4 Nb6 21.
Qg3 Rxd1 22. Rxd1 c5 23. g5 hxg5 24. Nxg5 b4 25. Nd5 Bxd5 26. exd5 Nbxd5 27. Bxa6 Nf4 28. Bc4 Re7 29. a4 Qb7 30. a5 N6h5 31. a6 Qc6 32.
Qg4 f5 33. Qf3 Qf6 34. h4 e4 35. Qe3 Qxb2 36. Qxc5 Qf6 37. a7 Re8 38. Qc7+ Re7 39.
Qxe7+ Qxe7 40. a8=Q e3 41. Qg8+ Kf6 42. Nh7+ Ke5 43.
Qb8+ Ke4 44. Ng5+ Qxg5+ 45. hxg5 e2 46. Qe8+ Kf3 47. Qe3+ Kg4 48. Bxe2+ Kxg5 49. Bxh5 1-0

[Event "*** Titled Tuesday Blitz"]
[Site "Chess.com"]
[Date "2019.03.05"]
[Round "5"]
[White "r31415"]
[Black "StoreySniper"]
[Result "0-1"]
[WhiteElo "2343"]
[BlackElo "2379"]
[TimeControl "180+2"]
[EndTime "14:13:23 PST"]
[Termination "StoreySniper won by resignation"]

1. e4 e5 2. Nf3 Nc6 3. Bc4 Bc5 4. c3 Nf6 5. d3 d6 6. Bb3 Be6 7. O-O Qd7 8. Bc2 d5 9. exd5 Nxd5 10. Qe2 O-O-O 11. Nxe5 Nxe5 12. Qxe5 f6 13. Qe4 Bf5 14. Qh4 g5 15. Qc4 Bb6 16. Nd2 Nf4 17. Ne4 Nxg2 18.
Kxg2 Bh3+ 19. Kg1 Bxf1 20. Kxf1 Qh3+ 21. Kg1 f5 22. Qe6+ Kb8 23. Ng3 Bxf2+ 24. Kxf2 Qxh2+ 25. Kf1 Qxg3 26. Qe3 Qh4 27. Qf2 Qh1+ 28. Qg1 Qf3+ 29.
Qf2 Qh3+ 30. Qg2 Rxd3 31. Bxd3 Qxd3+ 32. Qe2 Qd5 33. Be3 f4 34. Bd4 Qh1+ 35. Kf2 Qh2+ 36. Ke1 Qh4+ 37. Kd2 Rd8 38. Kc2 Qh6 39. Rd1 Qg6+ 40.
Qd3 Qxd3+ 41. Rxd3 Kc8 42. Bf6 Rxd3 43. Kxd3 g4 44. Bg5 f3 45. Ke3 h5 46. Bh4 Kd7 47. Kf4 Ke6 48. c4 b5 49. cxb5 Kd5 50. Bd8 f2 0-1

[Event "*** Titled Tuesday Blitz"]
[Site "Chess.com"]
[Date "2019.03.05"]
[Round "5"]
[White "vovachesss"]
[Black "ENEASZ"]
[Result "0-1"]
[WhiteElo "2587"]
[BlackElo "2368"]
[TimeControl "180+2"]
[EndTime "14:13:31 PST"]
[Termination "ENEASZ won by checkmate"]

1. c4 Nf6 2. b3 g6 3. Bb2 Bg7 4. Nf3 O-O 5. e3 b6 6. d4 Bb7 7.
Be2 Ne4 8. O-O d6 9. Nc3 Nd7 10.
Qc2 Ndf6 11. d5 Nxc3 12. Bxc3 c6 13. e4 b5 14. e5 dxe5 15. dxc6 Bxc6 16. Nxe5 Be4 17.
Qb2 bxc4 18. Bxc4 Qc7 19. Rac1 Qb7 20. f3 Bd5 21. Rfd1 Bxc4 22. Nxc4 Rac8 23. Rd3 h5 24. Rcd1 h4 25. h3 Rc5 26. Qf2 Rh5 27. Ne5 Qb5 28. Ng4 a6 29. Nxf6+ Bxf6 30. Bxf6 exf6 31. Rd4 Kg7 32.
Rxh4 Rxh4 33. Qxh4 Qe2 34. Rd6 Qe5 35. Qd4 Qf5 36.
Rxa6 Rc8 37. Kh2 Rc2 38. h4 Qxf3 39. Qg1 Qf4+ 40. Kh3 g5 41. hxg5 fxg5 42. Ra4 Qf5+ 43. Kh2 Qh7+ 44. Kg3 Rc3+ 45. Kg4 Qh4+ 46. Kf5 Qh7+ 47.
Ke5 f6+ 48. Kd5 Qf5+ 49. Kd4 Qe5# 0-1

[Event "*** Titled Tuesday Blitz"]
[Site "Chess.com"]
[Date "2019.03.05"]
[Round "5"]
[White "ChessicallyInclined"]
[Black "vinniethepooh"]
[Result "1/2-1/2"]
[WhiteElo "2417"]
[BlackElo "2477"]
[TimeControl "180+2"]
[EndTime "14:13:32 PST"]
[Termination "Game drawn by repetition"]

1. d4 d5 2. c4 c6 3. Nf3 Nf6 4.
Nc3 e6 5. Bg5 dxc4 6. e4 b5 7.
e5 h6 8. Bh4 g5 9. Nxg5 hxg5 10. Bxg5 Nbd7 11. g3 Bb7 12. Bg2 Qb6 13. exf6 c5 14.
d5 O-O-O 15. O-O b4 16. Na4 Qa6 17. a3 Bxd5 18. Bxd5 Ne5 19. axb4 Rxd5 20. Qe2 cxb4 21. Nc3 Qc6 22. Nxd5 Qxd5 23. f3 Nd3 24. h4 Bc5+ 25. Kg2 b3 26. Ra4 Kb7 27. Rfa1 Qd4 28. Rb1 Kb6 29. Bd2 Rg8 30. Kh2 Bd6 31. f4 Bxf4 32. gxf4 Nxf4 33. Be3 Nxe2 34. Bxd4+ Nxd4 35. Rxc4 Nf3+ 36.
Kh3 Nd2 37. Rbc1 Nxc4 38. Rxc4 a5 39. h5 e5 40. h6 Rh8 41. Rh4 Kb5 42. Kg4 a4 43.
Kg5 Rh7 44. Re4 Rh8 45. Rh4 Rh7 46. Re4 Rh8 47. Rh4 1/2-1/2

[Event "*** Titled Tuesday Blitz"]
[Site "Chess.com"]
[Date "2019.03.05"]
[Round "5"]
[White "Tocras"]
[Black "Witik"]
[Result "0-1"]
[WhiteElo "2613"]
[BlackElo "2674"]
[TimeControl "180+2"]
[EndTime "14:13:36 PST"]
[Termination "Witik won by resignation"]

1. e4 c6 2. d4 d5 3. exd5 cxd5 4. c3 Qc7 5. Nf3 Nc6 6. g3 Bg4 7. Bf4 Qd7 8. h3 Bh5 9. Be2 Nf6 10. Ne5 Bxe2 11.
Qxe2 Nxe5 12. dxe5 Ne4 13. f3 Nc5 14. Be3 e6 15. Nd2 Be7 16. Nb3 Na4 17. Nd4 O-O 18.
f4 Nc5 19. O-O Ne4 20. Kh2 f6 21. Nf3 b6 22. Bd4 f5 23. Ne1 Kh8 24. g4 g5 25.
Nd3 gxf4 26. Rxf4 Bc5 27. gxf5 Bxd4 28. cxd4 Rxf5 29. Rxf5 exf5 30. Rg1 Rg8 31. Rxg8+ Kxg8 32. Nf4 Qc6 33. Qg2+ Kf7 34. h4 Qc1 35. e6+ Kf6 36. Nxd5+ Kxe6 37. Qg8+ Kd6 38. Qd8+ Ke6 39. Nc7+ Kf7 40.
Qe8+ Kg7 41. Qe7+ Kg6 42. Qe6+ Nf6 43. Ne8 Qxb2+ 44. Kg1 Qxd4+ 45. Kh2 Qxh4+ 46. Kg1 Qg3+ 47. Kf1 Qf3+ 48. Kg1 Qg4+ 49. Kf1 Qf4+ 50. Kg1 Qd4+ 51. Kh2 f4 52. Nd6 Qf2+ 53. Kh1 Qf1+ 54. Kh2 Qf2+ 55. Kh1 Qh4+ 56. Kg2 Qg5+ 57. Kf1 Qd5 58. Qe7 f3 0-1